 Dungeon Crawl Stone Soup version 0.27-a0-1180-g7fc4abc71e (webtiles) character file.

Game seed: 543355935024940852

88 DasRunzen the Slasher (level 4, -5/37 HPs)
             Began as a Demigod Gladiator on May 17, 2021.
             Slain by Natasha (6 damage)
             ... on level 3 of the Dungeon.
             The game lasted 00:02:44 (2142 turns).

DasRunzen the Slasher (Demigod Gladiator)           Turns: 2142, Time: 00:02:44

Health: -5/37      AC:  4    Str: 15    XL:     4   Next: 8%
Magic:  6/6        EV: 12    Int: 14    God:
Gold:   42         SH:  0    Dex: 15    Spells: 3/3 levels left

rFire    . . .     SeeInvis .   a - +0 long sword
rCold    . . .     Faith    .   (no shield)
rNeg     . . .     Spirit   .   b - +0 leather armour
rPois    .         Reflect  .   c - +0 helmet
rElec    .         Harm     .   (no cloak)
rCorr    +         Rampage  .   (no gloves)
Will     .....                  (no boots)
Stlth    +.........             (no amulet)
HPRegen  0.12/turn              e - ring of resist corrosion
MPRegen  0.10/turn              (no ring)

@: invisible
A: high mp 1, forlorn
a: no special abilities


You were on level 3 of the Dungeon.
You visited 1 branch of the dungeon, and saw 3 of its levels.

You collected 42 gold pieces.

Inventory:

Hand Weapons
 a - a +0 long sword (weapon)
Missiles
 d - 3 throwing nets (quivered)
Armour
 b - a +0 leather armour (worn)
 c - a +0 helmet (worn)
Jewellery
 e - a ring of resist corrosion (left hand)
Potions
 g - a potion of degeneration {unknown}
 h - a potion of mutation {unknown}
 i - 2 potions of might {unknown}
 j - a potion of heal wounds {unknown}


   Skills:
 + Level 2.5 Fighting
 + Level 3.3 Long Blades
 - Level 1.7 Throwing
 + Level 1.5 Armour
 + Level 3.3 Dodging


You had 3 spell levels left.
You didn't know any spells.
Your spell library contained the following spells:

 Spells                   Type           Power      Damage    Failure   Level
 Foxfire                  Conj/Fire      0%         2x1d4     34%         1
 Conjure Flame            Conj/Fire      0%         6-21      71%         3
 Inner Flame              Hex/Fire       0%         N/A       71%         3
 Sticky Flame             Conj/Fire      0%         2d3       98%         4
 Fireball                 Conj/Fire      0%         3d3       100%        5


Dungeon Overview and Level Annotations

Branches:
Dungeon (3/15)

Shops:
D:1 (

Annotations:
D:3 Natasha


Innate Abilities, Weirdness & Mutations

Your attributes grow dramatically as you level up.
You have an increased reservoir of magic. (+10% MP)
You shall have no god before yourself.


Message History

The orc freezes you.
You slash the orc!
You kill the orc!
You closely miss the orc priest.
The orc priest hits you but does no damage.
You closely miss the orc priest.
The orc priest hits you with a +0 hand axe.
The orc priest hits you but does no damage.
You slash the orc priest!
The orc priest is heavily wounded.
The orc priest hits you but does no damage.
Natasha, Servant of Life and Death comes into view.
You slash the orc priest!
You kill the orc priest!
You have reached level 4!
You hit the orc.
The orc is moderately wounded.
The orc hits you with a +0 dagger.
Natasha casts a spell.
Your leather armour prevents you from hitting the orc.
The orc is moderately wounded.
The orc hits you with a +0 dagger.
You hit the orc.
You kill the orc!
Natasha mumbles some strange words.
The white imp disappears for a moment.
The white imp gestures at you. The puff of frost hits you! Natasha claws you!
The white imp gestures at you. The puff of frost hits you!
* * * LOW HITPOINT WARNING * * *
The crimson imp blinks!
Items here: ))) ††.
Unknown command.
You are too injured to fight recklessly!
It was a potion of invisibility.
You fade into invisibility!
Natasha claws you.
You die...

#### #.<#
#.## #.#
#.#
#.######
#......#
######[#
#@#
......5h#
###.###.#
#.. #..
.5#. #...
#.###


You could see Natasha, a crimson imp (summoned) and a white imp (summoned).

Vanquished Creatures
  An orc priest (D:3)
  2 adders (D:2)
  An adder zombie (D:2)
  2 orcs (D:3)
  2 bats (D:1)
  4 endoplasms (D:1)
  2 giant cockroaches (D:1)
  2 hobgoblins (D:1)
  4 jackals (D:2)
  2 kobolds (D:1)
  2 quokkas (D:1)
  2 ball pythons
  A frilled lizard (D:1)
  A goblin (D:1)
  7 rats
35 creatures vanquished.

Notes
Turn   | Place    | Note
-------+----------+-------------------------------------------
     0 | D:1      | DasRunzen the Demigod Gladiator began the quest for the
                  | Orb.
     0 | D:1      | Reached XP level 1. HP: 17/17 MP: 3/3
   359 | D:1      | Reached XP level 2. HP: 7/24 MP: 4/4
   642 | D:1      | Found Povup's Weapon Boutique.
  1271 | D:2      | Reached skill level 1 in Armour
  1271 | D:2      | Reached XP level 3. HP: 15/29 MP: 5/5
  2136 | D:3      | Noticed Natasha
  2138 | D:3      | Reached XP level 4. HP: 34/37 MP: 6/6
  2141 | D:3      | HP: 1/37 [white imp/puff of frost[Natasha] (12)]
  2142 | D:3      | Slain by Natasha

Illustrated notes

Levels and vault maps discovered:
D:1:      wheals_arrival_linesprint, layout_rooms,
          shapermc_ecumenical_altar_mp_ritualfount, serial_glass,
          glass_columns_b, glass_columns_b, serial_shops, shop,
          grunt_decor_mini_mirrors, minivault_27
D:2:      layout_rooms, serial_forest, infiniplex_forest_clump_large,
          infiniplex_forest_lined_ring, infiniplex_forest_clump_small,
          infiniplex_forest_straight_2, infiniplex_forest_straight_2,
          infiniplex_forest_lined_2, infiniplex_forest_lined_3,
          infiniplex_forest_lined_ring
D:3:      layout_basic, minmay_misc_feat_enclosed, small_statue_intersection,
          kennysheep_generic_room_5, uniq_natasha

Skill      XL: |  1  2 |
---------------+-------+-----
Fighting       | 2 |  2.5
Long Blades    | 3 |  3.3
Dodging        | 3 |  3.3
Armour         | 1 |  1.5
Throwing       | |  1.7

Action                   |  1- 3 |  4- 6 || total
-------------------------+-------+-------++-------
Melee: Long sword        |    93 |     3 ||    96
  Use: Scroll            |     2 |       ||     2
       Potion            |       |     1 ||     1
 Stab: Sleeping          |     1 |       ||     1
Armor: Leather armour    |    28 |       ||    28
Dodge: Dodged            |    60 |       ||    60
       Rpst.: Long sword |    18 |       ||    18

Table legend: (Time is in decaauts)
 A = Elapsed time spent in this place.
 B = Non-inter-level travel time spent in this place.
 C = Inter-level travel time spent in this place.
 D = Time resting spent in this place.
 E = Time spent auto-exploring this place.
 F = Levels seen in this place.
 G = Mean time per level.
                   A        B        C        D        E       F      G
               +--------+--------+--------+--------+--------+-----+--------+
         Total |   2164 |   2100 |     64 |      0 |   1876 |   3 |  721.3 |
       Dungeon |   2164 |   2100 |     64 |      0 |   1876 |   3 |  721.3 |
               +--------+--------+--------+--------+--------+-----+--------+

Top non-repeatable levels by time:
     D:1: 1255 daAuts
     D:2: 885 daAuts
     D:3: 23 daAuts
